 Dungeon Crawl Stone Soup version 0.28.0-53-g5a82cb258f (webtiles) character file.

Game seed: 11990869894397706083

1141 Esteco1 the Covered (level 8, 0/71 HPs)
             Began as a Minotaur Fighter on May 23, 2022.
             Slain by an orc
             ... wielding a +2 vampiric trident
              (2 damage)
             ... on level 5 of the Dungeon.
             The game lasted 00:24:01 (5723 turns).

Esteco1 the Covered (Minotaur Fighter)              Turns: 5723, Time: 00:24:02

Health: 0/71       AC: 15    Str: 22    XL:     8   Next: 14%
Magic:  0/7        EV:  9    Int:  5    God:
Gold:   360        SH:  5    Dex: 11    Spells: 7/7 levels left

rFire   . . .      SeeInvis .   a - +0 war axe
rCold   . . .      Faith    .   c - +0 buckler
rNeg    . . .      Spirit   +   q - +0 chain mail
rPois   +          Reflect  .   (helmet restricted)
rElec   .          Harm     .   (no cloak)
rCorr   .          Rampage  .   s - +0 pair of gloves
Will    .....                   (no boots)
Stlth   ..........              m - amulet of guardian spirit
HPRegen 0.21/turn               x - +4 ring of protection
MPRegen 0.10/turn               o - ring of poison resistance

@: no status effects
A: horns 2, retaliatory headbutt
a: no special abilities


You were on level 5 of the Dungeon.
You visited 1 branch of the dungeon, and saw 6 of its levels.

You collected 360 gold pieces.

Inventory:

Hand Weapons
 a - a +0 war axe (weapon)
 g - a +0 spear
 v - a +0 falchion
 y - a +1 quarterstaff of draining
Missiles
 i - 57 bolts
 l - a throwing net
 w - 28 sling bullets
 z - 33 stones (quivered)
Armour
 c - a +0 buckler (worn)
 q - a +0 chain mail (worn)
 s - a +0 pair of gloves (worn)
Jewellery
 e - a ring of protection from cold
 m - an amulet of guardian spirit (around neck)
 o - a ring of poison resistance (right hand)
 x - a +4 ring of protection (left hand)
Wands
 d - a wand of flame (20)
Scrolls
 b - a scroll of enchant weapon {unknown}
 f - a scroll of noise {unknown}
 j - 3 scrolls of teleportation {unknown}
 k - 2 scrolls of magic mapping {unknown}
 n - 2 scrolls of identify {unknown}
 B - a scroll of enchant armour {unknown}
 C - a scroll of vulnerability {unknown}
Potions
 h - a potion of cancellation
 p - a potion of curing
 r - 2 potions of heal wounds {unknown}
 t - 3 potions of lignification {unknown}
 u - a potion of flight {unknown}
 A - 2 potions of invisibility {unknown}


   Skills:
 + Level 6.3 Fighting
 + Level 5.7 Axes
 + Level 6.3 Armour
 + Level 4.4 Dodging
 + Level 6.2 Shields


You had 7 spell levels left.
You didn't know any spells.
Your spell library contained the following spells:

 Spells                   Type           Power      Damage    Failure   Level
 Animate Skeleton         Necr           0%         N/A       99%         1
 Apportation              Tloc           0%         N/A       99%         1
 Freeze                   Ice            0%         1d3       99%         1
 Summon Small Mammal      Summ           0%         N/A       99%         1
 Frozen Ramparts          Ice            0%         1d2       100%        3
 Hailstorm                Conj/Ice       0%         3d3       100%        4
 Alistair's Intoxication  Tmut/Pois      0%         N/A       100%        5
 Conjure Ball Lightning   Conj/Air       0%         3x3d6     100%        6
 Discord                  Hex            0%         N/A       100%        8
 Disjunction              Tloc           0%         N/A       100%        8


Dungeon Overview and Level Annotations

Branches:
Dungeon (6/15)
 Temple: D:4-7

Altars:
Nemelex Xobeh

Shops:
D:1 *(   D:2 :


Innate Abilities, Weirdness & Mutations

You have a pair of horns on your head.
You reflexively headbutt those who attack you in melee.


Message History

You feel sick.
An orc comes into view. It is wielding a +0 hand axe.
The orc hits you from afar with a +2 vampiric trident.
* * * LOW HITPOINT WARNING * * *
The gnoll sergeant hits you but does no damage.
You feel better. The orc closely misses you.
The gnoll sergeant hits you with a +3 spear of venom.
* * * LOW HITPOINT WARNING * * *
The sky beast flickers out of sight!
Deactivating autopickup; reactivate with Ctrl-A.
Autopickup is now on.
Aiming: Throw Flame
Press: ? - help, Q - select action, (/) - cycle Shift-Dir - straight line, f - orc
Aim: an orc, wielding a +0 dagger (68% to hit)
The puff of flame hits the gnoll sergeant but does no damage.
The gnoll sergeant is almost dead.
The orc hits you from afar with a +2 vampiric trident.
* * * LOW HITPOINT WARNING * * *
The gnoll sergeant hits you with a +3 spear of venom.
* * * LOW HITPOINT WARNING * * *
Aiming: Throw Flame
Press: ? - help, Q - select action, (/) - cycle Shift-Dir - straight line, f/p - orc
Aim: an orc, wielding a +0 dagger (68% to hit)
The puff of flame hits the gnoll sergeant but does no damage.
The gnoll sergeant is almost dead.
The orc hits you from afar with a +2 vampiric trident.
* * * LOW HITPOINT WARNING * * *
The gnoll sergeant hits you with a +3 spear of venom.
* * * LOW HITPOINT WARNING * * *
Aiming: Throw Flame
Press: ? - help, Q - select action, (/) - cycle Shift-Dir - straight line, p - orc The puff of flame hits the gnoll sergeant.
You kill the gnoll sergeant!
The orc hits you from afar with a +2 vampiric trident.
* * * LOW HITPOINT WARNING * * *
An orc comes into view. It is wielding a +0 club.
You hit the orc.
The orc is heavily wounded.
The orc hits you from afar with a +2 vampiric trident.
You die...

#################
#.......#........
#.......#og......
#......@oo{g.....
##.....##oo.####
#.....##ooo##
########o.o.#.?.......
#.o...#......... .
#.o...#......... ...
##.oo##........
....##..g##.......
..........##....# ###


You could see an orc wizard, 2 gnolls and 7 orcs.

Vanquished Creatures
  A water moccasin (D:6)
  2 ogres
  A gnoll sergeant (D:5)
  2 scorpions
  2 hounds (D:4)
  2 jellies
  A bullfrog zombie (D:6)
  2 orc priests
  Natasha (thrice) (D:2)
  3 iguanas
  3 orc wizards
  Terence (D:3)
  A killer bee zombie (D:6)
  3 gnolls
  A river rat (D:3)
  7 adders
  A shadow imp (D:6)
  A white imp (D:6)
  2 worms (D:2)
  17 orcs
  5 ball pythons
  An endoplasm (D:1)
  6 giant cockroaches
  3 goblins
  4 hobgoblins
  2 jackals (D:3)
  3 quokkas
  10 bats
  4 frilled lizards
  A kobold (D:4)
  8 rats
103 creatures vanquished.

Notes
Turn   | Place    | Note
-------+----------+-------------------------------------------
     0 | D:1      | Esteco1 the Minotaur Fighter began the quest for the Orb.
     0 | D:1      | Reached XP level 1. HP: 19/19 MP: 0/0
     3 | D:1      | Noticed an electric eel
     4 | D:1      | Noticed an electric eel
    21 | D:1      | Found Jyfo's Assorted Antiques.
    66 | D:1      | Found Jiekul's Antique Weapon Shop.
   141 | D:1      | Reached XP level 2. HP: 11/27 MP: 1/1
  1087 | D:2      | Reached XP level 3. HP: 22/33 MP: 2/2
  1088 | D:2      | Reached skill level 1 in Dodging
  1570 | D:2      | Noticed Natasha
  1581 | D:2      | Killed Natasha
  1582 | D:2      | Reached XP level 4. HP: 17/40 MP: 0/3
  2098 | D:2      | Noticed Natasha
  2102 | D:2      | Killed Natasha
  2201 | D:2      | Found Unaiji's Book Emporium.
  2232 | D:2      | Noticed Natasha
  2240 | D:2      | Killed Natasha
  2262 | D:3      | Reached XP level 5. HP: 33/47 MP: 2/4
  2433 | D:3      | Found a faded altar of an unknown god.
  2490 | D:3      | Noticed Terence
  2499 | D:3      | Killed Terence
  3010 | D:3      | Found a glowing drain.
  3473 | D:4      | Reached XP level 6. HP: 19/55 MP: 1/5
  3699 | D:4      | Reached skill level 5 in Fighting
  3699 | D:4      | Reached skill level 5 in Armour
  3733 | D:4      | Reached skill level 5 in Shields
  3987 | D:4      | Reached XP level 7. HP: 61/61 MP: 6/6
  4303 | D:4      | Found a sparkling altar of Nemelex Xobeh.
  4702 | D:4      | You fall into a shaft and drop 2 floors!
  4783 | D:6      | Reached skill level 5 in Axes
  5564 | D:6      | Reached XP level 8. HP: 70/70 MP: 7/7
  5657 | D:5      | Entered Level 5 of the Dungeon
  5722 | D:5      | HP: 2/70 [orc/+2 vampiric trident (4)]
  5723 | D:5      | Slain by an orc

Illustrated notes

Levels and vault maps discovered:
D:1:      arrival_aquarium_b, layout_basic, serial_shops,
          nicolae_shop_temple_entry_statues_fountains, nicolae_shop_statue_plus
D:2:      layout_basic, serial_shops, nicolae_shop_crystal, uniq_natasha
D:3:      layout_loops_ring, hellmonk_ecumenical_altar_zigzags,
          portal_sewer_entry_e, eino_tiny_chamber,
          amcnicky_mini_rare_corridor_liquid, hangedman_decor_opposing,
          uniq_terence
D:4:      layout_basic, amcnicky_altar_gilded, grunt_ministairs_10,
          minmay_misc_feat_room, cheibrodos_gnoll_hut
D:5:      layout_gridville, general_overflow_altar, zin_scriptorium,
          mainiacjoe_overflow_24_doors, nrook_uturn
D:6:      layout_basic

Skill      XL: |  1  2  3  4  5  6  7 |
---------------+----------------------+-----
Fighting       | 4 5 6 |  6.3
Armour         | 4 5 6 |  6.3
Shields        | 4 5 6 |  6.2
Dodging        | 1 2 3 4 |  4.4
Axes           | 3 4 5 |  5.7

Action                   |  1- 3 |  4- 6 |  7- 9 || total
-------------------------+-------+-------+-------++-------
Melee: War axe           |    63 |   139 |    79 ||   281
       Headbutt          |     7 |    13 |    15 ||    35
Evoke: Wand              |       |       |     3 ||     3
  Use: Potion            |       |     3 |     1 ||     4
Armor: Scale mail        |    29 |       |       ||    29
       Chain mail        |    11 |    74 |    47 ||   132
Dodge: Dodged            |    22 |    51 |    44 ||   117
Block: Buckler           |    14 |    32 |    25 ||    71
